 Dungeon Sprint DCSS version 0.17-a0-2158-g6d76252 (webtiles) character file.

8900000 AMagicalLamp the Axe Maniac (level 27, -40/273 HPs)
             Began as a Yellow Draconian Gladiator on Oct 25, 2015.
             Was the Champion of Makhleb.
             Annihilated by a meat berserker
             ... wielding a +9 battleaxe
              (65 damage)
             ... in the Dungeon (Sprint VIII: "Arena of Blood").
             The game lasted 00:03:02 (89 turns).

AMagicalLamp the Axe Maniac (DrGl)                    Turns: 89, Time: 00:03:02

Health: -40/273    AC: 13    Str: 18    XL:     27
Magic:  36/54      EV: 37    Int: 10    God:    Makhleb [******]
Gold:   0          SH:  0    Dex: 23    Spells: 0 memorised, 80 levels left

rFire  . . .     SeeInvis +     k - +∞ Axe of Woe
rCold  . . .     Clarity  .     (armour unavailable)
rNeg   . . .     SustAt   .     (no shield)
rPois  .         Gourm    .     b - +0 hat
rElec  .         Spirit   .     (no cloak)
rCorr  +         Warding  .     (no gloves)
rMut   .         NoTele   +     (no boots)
MR     ++...                    (no amulet)
Stlth  ++++++++..               (no ring)
                                l - ring of see invisible

@: drained, very resistant to hostile enchantments, extraordinarily stealthy
A: spit acid, acid resistance, unfitting armour, acidic bite, cold-blooded, AC
+13
a: Spit Acid, Minor Destruction, Lesser Servant of Makhleb, Major Destruction,
Greater Servant of Makhleb, Renounce Religion


You were in the Dungeon.
You worshipped Makhleb.
Makhleb was exalted by your worship.
You were not hungry.

You visited 1 branch


Innate Abilities, Weirdness & Mutations

You can spit globs of acid.
You are resistant to acid.
Your golden yellow scales are hard (AC +13).
Your body does not fit into most forms of armour.
You have acidic saliva.
You are cold-blooded and may be slowed by cold attacks.


   Skills:
 O Level 27(25.8) Fighting
 O Level 27(25.8) Axes
 O Level 27(25.8) Throwing
 O Level 27(25.8) Dodging
 O Level 27(25.8) Stealth
 O Level 27(25.8) Unarmed Combat
 O Level 27(25.8) Spellcasting
 O Level 27(25.8) Invocations


You had 80 spell levels left.
You didn't know any spells.

Inventory:

Hand Weapons
 a - a +0 war axe
 k - the +∞ Axe of Woe (weapon)
Missiles
 c - 3 throwing nets {=f}
Armour
 b - a +0 hat (worn)
Jewellery
 l - a ring of see invisible (left hand)
Scrolls
 j - a scroll of blinking
Potions
 e - a potion of curing {@q1}
 f - a potion of heal wounds {@q2}
 g - a potion of haste {@q3}
 h - 2 potions of magic
 i - a potion of berserk rage {!q}
Comestibles
 d - a bread ration

Dungeon Overview and Level Annotations

Branches:
Dungeon (1/1)

Altars:
Makhleb

▒▒▒▒▒▒▒▒▒▒▒▒▒▒▒▒
▒▒▒▒.....))........
▒▒▒.......)..))...... .
..........▒▒)▒▒.▒▒▒▒▒..
.......................
..▒▒▒▒#o)).▒▒.▒▒......
▒...)###.†......M....
o.o▒o.o###....▒.▒......
▒.o..oo.d).))).....▒
...▒.W...O.)).))......
....▒....)))))........
........)))))))........
........))).G..D.......
.....O.)▒)).....▒.....
.▒.....▒))...O.▒.....
..O.o▒▒▒.))....▒▒▒...
.........)▒▒▒.......


You could see an eight-headed meat hydra, an observer (wandering), a wretched
soul (invisible), 4 meat berserkers and 7 bags of meat.


Message History

The bag of meat convulses! x3
The meat berserker convulses!
The eight-headed meat hydra convulses!
You hear a shout!
The eight-headed meat hydra calls on the powers of darkness!
The eight-headed meat hydra convulses!
The meat berserker convulses!
Your body is wracked with pain!
* * * LOW HITPOINT WARNING * * *
The eight-headed meat hydra convulses!
You hear a shout!
The bag of meat is engulfed in roaring flames.
The wretched soul breathes negative energy at you.
The bolt of negative energy misses you.
The bolt of negative energy hits the eight-headed meat hydra.
The eight-headed meat hydra is drained!
The eight-headed meat hydra dies!
A meat berserker comes into view. It is wielding a +9 battleaxe.
Unknown command.
An orc and an ogre come into view.
The meat berserker shouts!
You hear a shout!
You hear a shout!
You hear a shout!
The bag of meat is engulfed in roaring flames.
You hear a shout! x2
The bag of meat is engulfed in roaring flames.
You hear a shout!
The observer appears out of thin air!
An observer comes into view.
The bag of meat is engulfed in roaring flames.
You hear a shout!
The meat berserker hits you with a +9 battleaxe!!!
You die...

Action                   |  1- 3 |  4- 6 |  7- 9 | 10-12 | 13-15 | 16-18 | 19-21 | 22-24 | 25-27 || total
-------------------------+-------+-------+-------+-------+-------+-------+-------+-------+-------++-------
Melee: Executioner's axe |     1 |       |       |       |     5 |     2 |     6 |     6 |    30 ||    50
 Abil: Spit Acid         |       |       |       |       |       |       |       |       |     1 ||     1

Vault maps used:
D:        meatsprint

Notes
Turn   | Place    | Note
--------------------------------------------------------------
     0 | D        | AMagicalLamp the Draconian Gladiator began the quest for the Orb.
     0 | D        | Reached XP level 1. HP: 17/17 MP: 1/1
     3 | D        | Noticed a bag of meat
     3 | D        | Noticed a bag of meat
     3 | D        | Noticed a meat berserker
     4 | D        | Noticed a bag of meat
     4 | D        | Killed a meat berserker
     4 | D        | Reached skill level 27 in Axes
     4 | D        | Reached skill level 12 in Fighting
     4 | D        | Reached skill level 10 in Dodging
     4 | D        | Reached XP level 2. HP: 6/41 MP: 2/2
     4 | D        | Reached XP level 3. HP: 7/48 MP: 3/3
     4 | D        | Reached XP level 4. HP: 8/56 MP: 4/4
     4 | D        | Reached XP level 5. HP: 8/62 MP: 5/5
     4 | D        | Reached XP level 6. HP: 9/70 MP: 6/6
     4 | D        | Your scales start taking on a golden yellow colour.
     4 | D        | Reached XP level 7. HP: 9/77 MP: 7/7
     4 | D        | Reached XP level 8. HP: 9/83 MP: 8/8
     4 | D        | Reached XP level 9. HP: 9/90 MP: 9/9
     4 | D        | Reached XP level 10. HP: 9/97 MP: 10/10
     4 | D        | Reached XP level 11. HP: 9/104 MP: 11/11
     4 | D        | Reached XP level 12. HP: 9/112 MP: 12/12
     4 | D        | Reached XP level 13. HP: 9/118 MP: 13/13
     5 | D        | Noticed a meat berserker
     5 | D        | Became a worshipper of Makhleb the Destroyer
     6 | D        | Noticed a bag of meat
     7 | D        | Noticed a bag of meat
     7 | D        | Noticed a bag of meat
     8 | D        | Noticed a bag of meat
     8 | D        | HP: 3/118 [bag of meat/+9 war axe (7)]
     9 | D        | Noticed a meat berserker
     9 | D        | Killed a bag of meat
     9 | D        | Reached skill level 16 in Fighting
     9 | D        | Reached skill level 14 in Dodging
    10 | D        | Killed a meat berserker
    10 | D        | Reached * piety under Makhleb
    10 | D        | Reached skill level 21 in Fighting
    10 | D        | Reached skill level 18 in Dodging
    10 | D        | Gained mutation: You have acidic saliva. [Yellow Draconian growth]
    10 | D        | Reached XP level 14. HP: 4/152 MP: 14/14
    11 | D        | Noticed a meat berserker
    11 | D        | Noticed a bag of meat
    11 | D        | Noticed a meat berserker
    11 | D        | Noticed a meat berserker
    12 | D        | Noticed a meat berserker
    12 | D        | Noticed a meat berserker
    12 | D        | Killed a bag of meat
    12 | D        | Reached skill level 23 in Fighting
    12 | D        | Reached skill level 20 in Dodging
    12 | D        | Reached XP level 15. HP: 4/165 MP: 15/15
    13 | D        | Noticed a meat berserker
    14 | D        | Noticed a bag of meat
    14 | D        | Noticed a bag of meat
    14 | D        | Noticed a bag of meat
    14 | D        | Noticed a bag of meat
    14 | D        | Killed a bag of meat
    14 | D        | Reached ** piety under Makhleb
    14 | D        | Reached skill level 25 in Fighting
    14 | D        | Reached skill level 21 in Dodging
    15 | D        | Killed a meat berserker
    15 | D        | Reached skill level 27 in Fighting
    15 | D        | Reached skill level 25 in Dodging
    15 | D        | Reached XP level 16. HP: 5/183 MP: 16/16
    15 | D        | Killed a meat berserker
    15 | D        | Reached *** piety under Makhleb
    15 | D        | Reached skill level 27 in Dodging
    15 | D        | Reached skill level 6 in Throwing
    15 | D        | Reached skill level 7 in Stealth
    15 | D        | Reached skill level 7 in Unarmed Combat
    15 | D        | Reached skill level 6 in Spellcasting
    15 | D        | Reached skill level 7 in Invocations
    15 | D        | Killed a meat berserker
    15 | D        | Reached skill level 11 in Throwing
    15 | D        | Reached skill level 11 in Stealth
    15 | D        | Reached skill level 11 in Unarmed Combat
    15 | D        | Reached skill level 10 in Spellcasting
    15 | D        | Reached skill level 12 in Invocations
    15 | D        | Reached XP level 17. HP: 62/191 MP: 16/31
    16 | D        | Noticed a meat berserker
    16 | D        | Noticed a bag of meat
    16 | D        | Noticed a bag of meat
    16 | D        | Killed a meat berserker
    16 | D        | Reached skill level 13 in Throwing
    16 | D        | Reached skill level 14 in Stealth
    16 | D        | Reached skill level 14 in Unarmed Combat
    16 | D        | Reached skill level 13 in Spellcasting
    16 | D        | Reached skill level 15 in Invocations
    16 | D        | Killed a meat berserker
    16 | D        | Reached **** piety under Makhleb
    16 | D        | Reached skill level 15 in Throwing
    16 | D        | Reached skill level 16 in Stealth
    16 | D        | Reached skill level 16 in Unarmed Combat
    16 | D        | Reached skill level 15 in Spellcasting
    16 | D        | Reached skill level 18 in Invocations
    16 | D        | Reached XP level 18. HP: 156/200 MP: 16/37
    16 | D        | Killed a meat berserker
    16 | D        | Reached skill level 17 in Throwing
    16 | D        | Reached skill level 18 in Stealth
    16 | D        | Reached skill level 18 in Unarmed Combat
    16 | D        | Reached skill level 17 in Spellcasting
    16 | D        | Reached skill level 20 in Invocations
    17 | D        | Noticed a meat berserker
    17 | D        | Noticed a bag of meat
    17 | D        | Noticed a large bag of meat
    17 | D        | Killed a bag of meat
    17 | D        | Reached ***** piety under Makhleb
    17 | D        | Reached skill level 18 in Throwing
    17 | D        | Reached skill level 19 in Stealth
    17 | D        | Reached skill level 19 in Unarmed Combat
    17 | D        | Reached skill level 18 in Spellcasting
    17 | D        | Reached XP level 19. HP: 207/207 MP: 16/41
    17 | D        | Killed a meat berserker
    17 | D        | Reached skill level 19 in Throwing
    17 | D        | Reached skill level 20 in Stealth
    17 | D        | Reached skill level 20 in Unarmed Combat
    17 | D        | Reached skill level 19 in Spellcasting
    17 | D        | Reached skill level 22 in Invocations
    17 | D        | Killed a bag of meat
    17 | D        | Reached skill level 20 in Throwing
    17 | D        | Reached skill level 21 in Stealth
    17 | D        | Reached skill level 21 in Unarmed Combat
    17 | D        | Reached skill level 20 in Spellcasting
    17 | D        | Reached skill level 23 in Invocations
    18 | D        | Noticed a bag of meat
    18 | D        | Killed a bag of meat
    18 | D        | Reached skill level 22 in Stealth
    18 | D        | Reached skill level 22 in Unarmed Combat
    19 | D        | Noticed a large bag of meat
    19 | D        | Noticed a bag of meat
    19 | D        | Killed a bag of meat
    19 | D        | Reached skill level 21 in Throwing
    19 | D        | Reached skill level 21 in Spellcasting
    19 | D        | Reached skill level 24 in Invocations
    19 | D        | Reached XP level 20. HP: 216/216 MP: 16/45
    20 | D        | Noticed a bag of meat
    20 | D        | Noticed a bag of meat
    20 | D        | Noticed a bag of meat
    21 | D        | Noticed a destroyer
    21 | D        | Noticed a meat berserker
    22 | D        | Noticed a bag of meat
    22 | D        | Noticed a meat berserker
    22 | D        | Killed a bag of meat
    22 | D        | Reached ****** piety under Makhleb
    22 | D        | Reached skill level 23 in Stealth
    22 | D        | Reached skill level 23 in Unarmed Combat
    22 | D        | Reached skill level 25 in Invocations
    22 | D        | Killed a destroyer
    22 | D        | Reached skill level 23 in Throwing
    22 | D        | Reached skill level 24 in Stealth
    22 | D        | Reached skill level 24 in Unarmed Combat
    22 | D        | Reached skill level 23 in Spellcasting
    22 | D        | Reached skill level 26 in Invocations
    23 | D        | Noticed a bag of meat
    23 | D        | Noticed a bag of meat
    23 | D        | Noticed a bag of meat
    23 | D        | Noticed a meat berserker
    24 | D        | Noticed a bag of meat
    24 | D        | Noticed a bag of meat
    24 | D        | Noticed a bag of meat
    24 | D        | Killed a meat berserker
    24 | D        | Reached skill level 24 in Throwing
    24 | D        | Reached skill level 26 in Stealth
    24 | D        | Reached skill level 26 in Unarmed Combat
    24 | D        | Reached skill level 24 in Spellcasting
    24 | D        | Reached skill level 27 in Invocations
    24 | D        | Killed a meat berserker
    24 | D        | Reached skill level 25 in Throwing
    24 | D        | Reached skill level 27 in Stealth
    24 | D        | Reached skill level 27 in Unarmed Combat
    24 | D        | Reached skill level 25 in Spellcasting
    24 | D        | Reached XP level 21. HP: 224/224 MP: 18/50
    24 | D        | Noticed a bag of meat
    25 | D        | Noticed a bag of meat
    25 | D        | Noticed a meat berserker
    25 | D        | Noticed a large bag of meat
    25 | D        | Killed a meat berserker
    25 | D        | Reached skill level 27 in Throwing
    25 | D        | Reached skill level 27 in Spellcasting
    25 | D        | Killed a bag of meat
    26 | D        | Noticed a bag of meat
    26 | D        | Killed a meat berserker
    26 | D        | Reached XP level 22. HP: 233/233 MP: 18/53
    26 | D        | Killed a bag of meat
    26 | D        | Killed a bag of meat
    27 | D        | Noticed a bag of meat
    27 | D        | Noticed a bag of meat
    27 | D        | Killed a bag of meat
    28 | D        | Noticed a bag of meat
    28 | D        | Noticed a bag of meat
    29 | D        | Noticed a meat berserker
    29 | D        | Killed a bag of meat
    29 | D        | Killed a large bag of meat
    29 | D        | Killed a bag of meat
    29 | D        | Killed a meat berserker
    29 | D        | Reached XP level 23. HP: 240/240 MP: 19/54
    29 | D        | Killed a bag of meat
    30 | D        | Noticed a bag of meat
    30 | D        | Killed a meat berserker
    30 | D        | Killed a bag of meat
    30 | D        | Killed a bag of meat
    30 | D        | Killed a bag of meat
    30 | D        | Killed a bag of meat
    31 | D        | Noticed The Servant
    31 | D        | Killed a bag of meat
    31 | D        | Reached XP level 24. HP: 249/249 MP: 19/54
    31 | D        | Killed a bag of meat
    31 | D        | Killed a large bag of meat
    32 | D        | Noticed a sculptor of flesh
    32 | D        | Noticed a bag of meat
    32 | D        | Noticed a bag of meat
    32 | D        | Noticed a large bag of meat
    32 | D        | Noticed a meat berserker
    33 | D        | Noticed a bag of meat
    33 | D        | Noticed a meat berserker
    33 | D        | Killed a large bag of meat
    33 | D        | Killed a bag of meat
    33 | D        | Killed a bag of meat
    33 | D        | Killed a bag of meat
    33 | D        | Killed a bag of meat
    33 | D        | Killed a bag of meat
    34 | D        | Killed a bag of meat
    34 | D        | Reached XP level 25. HP: 257/257 MP: 20/54
    34 | D        | Killed a bag of meat
    35 | D        | Noticed a bag of meat
    35 | D        | Noticed a meat berserker
    35 | D        | Killed a bag of meat
    35 | D        | Killed a meat berserker
    36 | D        | Noticed a bag of meat
    36 | D        | Noticed a bag of meat
    36 | D        | Noticed a meat berserker
    36 | D        | Noticed a destroyer
    36 | D        | Noticed a bag of meat
    37 | D        | Noticed a bag of meat
    38 | D        | Killed The Servant
    38 | D        | Killed a meat berserker
    38 | D        | Reached XP level 26. HP: 243/266 MP: 21/54
    38 | D        | Killed a bag of meat
    39 | D        | Killed a meat berserker
    40 | D        | Noticed a bag of meat
    40 | D        | Noticed a bag of meat
    40 | D        | Killed a bag of meat
    40 | D        | Noticed a bag of meat
    41 | D        | Noticed a destroyer
    42 | D        | Noticed a destroyer
    42 | D        | Killed a meat berserker
    42 | D        | Killed a bag of meat
    42 | D        | Killed a bag of meat
    42 | D        | Killed a bag of meat
    42 | D        | Reached XP level 27. HP: 273/273 MP: 22/54
    42 | D        | Killed a large bag of meat
    43 | D        | Killed a meat berserker
    43 | D        | Killed a bag of meat
    43 | D        | Killed a bag of meat
    43 | D        | Killed a bag of meat
    44 | D        | Noticed a meat berserker
    44 | D        | Noticed a destroyer
    45 | D        | Noticed a destroyer
    45 | D        | Noticed a bag of meat
    45 | D        | Noticed a bag of meat
    46 | D        | Killed a bag of meat
    47 | D        | Killed a bag of meat
    47 | D        | Killed a meat berserker
    48 | D        | Noticed a meat berserker
    49 | D        | Killed a bag of meat
    49 | D        | Killed a destroyer
    49 | D        | Killed a destroyer
    50 | D        | Noticed a meat berserker
    51 | D        | Noticed a meat berserker
    54 | D        | Noticed a meat berserker
    55 | D        | Killed a destroyer
    55 | D        | Killed a meat berserker
    56 | D        | Noticed a destroyer
    57 | D        | Noticed a bag of meat
    58 | D        | Noticed an accursed
    59 | D        | Noticed a meat berserker
    59 | D        | Noticed a tyrant
    59 | D        | Killed a destroyer
    59 | D        | Killed a meat berserker
    60 | D        | Killed a bag of meat
    61 | D        | Noticed a meat berserker
    61 | D        | Killed a meat berserker
    62 | D        | Killed a destroyer
    63 | D        | Killed a meat berserker
    63 | D        | Killed a bag of meat
    64 | D        | Killed a meat berserker
    64 | D        | Killed a meat berserker
    67 | D        | Killed a bag of meat
    68 | D        | Killed a tyrant
    68 | D        | Killed a destroyer
    70 | D        | Killed a bag of meat
    71 | D        | Killed a bag of meat
    72 | D        | Killed a bag of meat
    73 | D        | Noticed a meat beast
    73 | D        | Noticed a dread
    74 | D        | Noticed a bag of meat
    75 | D        | Noticed a large bag of meat
    75 | D        | Noticed a bag of meat
    75 | D        | Noticed a destroyer
    75 | D        | Noticed a meat berserker
    76 | D        | Noticed a bag of meat
    77 | D        | Noticed a meat berserker
    77 | D        | Noticed a wretched soul
    78 | D        | Killed a meat berserker
    78 | D        | Killed a bag of meat
    79 | D        | Noticed a bag of meat
    79 | D        | Noticed a meat berserker
    79 | D        | Noticed a meat beast
    80 | D        | Noticed a bag of meat
    80 | D        | Killed a dread
    80 | D        | Noticed a meat beast
    80 | D        | Noticed a bag of meat
    81 | D        | Killed a meat berserker
    81 | D        | Killed a wretched soul
    82 | D        | Noticed a bag of meat
    82 | D        | Killed a meat beast
    82 | D        | Killed a bag of meat
    83 | D        | Noticed a bag of meat
    83 | D        | Noticed a wretched soul
    83 | D        | Killed a meat beast
    83 | D        | Killed a destroyer
    83 | D        | Killed a meat berserker
    84 | D        | Noticed a bag of meat
    84 | D        | Noticed a bag of meat
    84 | D        | Killed a bag of meat
    86 | D        | Noticed a meat berserker
    86 | D        | Killed an accursed
    86 | D        | Killed a meat beast
    86 | D        | Killed a bag of meat
    86 | D        | Killed a sculptor of flesh
    87 | D        | Killed a large bag of meat
    88 | D        | HP: 25/273 [??? (23)]
    89 | D        | Noticed a meat berserker
    89 | D        | Noticed a bag of meat
    89 | D        | Noticed a meat berserker
    89 | D        | Annihilated by a meat berserker

Vanquished Creatures
  3 hell beasts (D)
  A greater mummy (D)
  A wraith (D)
  Harold (D)
  8 vampire knights (D)
  30 ogres (D)
  A lich (D)
  50 orcs (D)
  A phantom (D)
  5 hill giants (D)
  A skeletal warrior (D)
  9 large abominations (D)
  3 small abominations (D)
  5 crawling corpses (D)
119 creatures vanquished.

Vanquished Creatures (others)
  A hydra (D)
  3 crawling corpses (D)
4 creatures vanquished.

Grand Total: 123 creatures vanquished
